 Dungeon Crawl Stone Soup version 0.30-b1-2-g02819fbbbe (webtiles) character file.

Game seed: 11879794683078231752

9 Alarkh the Vexing (level 2, 20/21 HPs)
             Began as a Demonspawn Hexslinger on July 9, 2023.
             Got out of the dungeon alive.
             The game lasted 00:00:18 (138 turns).

Alarkh the Vexing (Demonspawn Hexslinger)            Turns: 138, Time: 00:00:18

Health: 20/21      AC:  2    Str: 10    XL:     2   Next: 6%
Magic:  3/3        EV: 12    Int: 14    God:
Gold:   19         SH:  0    Dex: 13    Spells: 2/3 levels left

rFire   . . .        a - +1 sling
rCold   . . .        (no shield)
rNeg    . . .        c - +0 robe
rPois   .            (no helmet)
rElec   .            (no cloak)
rCorr   .            (no gloves)
SInv    .            (no boots)
Will    .....        (no amulet)
Stlth   +            (no ring)
HPRegen 0.23/turn    (no ring)
MPRegen 0.08/turn

%: no passive effects
@: no status effects
A: sanguine armour 1
a: no special abilities


You escaped.
You visited 1 branch of the dungeon, and saw 1 of its levels.

You collected 19 gold pieces.

Inventory:

Hand Weapons
 a - a +1 sling (weapon)
Armour
 c - a +0 robe (worn)
Scrolls
 b - a scroll of poison


   Skills:
 + Level 1.4 Fighting
 * Level 2.3 Ranged Weapons
 - Level 1.7 Dodging
 - Level 1.0 Spellcasting
 - Level 3.0 Hexes


You had 2 spell levels left.
You knew the following spells:

 Your Spells              Type           Power      Damage    Failure   Level
a - Slow                  Hex            36%        N/A       8%          1

Your spell library contained the following spells:

 Spells                   Type           Power      Damage    Failure   Level
 Inner Flame              Hex/Fire       4%         N/A       38%         3
 Portal Projectile        Hex/Tloc       8%         N/A       38%         3
 Cause Fear               Hex            4%         N/A       58%         4


Dungeon Overview and Level Annotations

Branches:
Dungeon (1/15)

Altars:


Innate Abilities, Weirdness & Mutations

When seriously injured, your blood forms armour. (AC +0)


Message History

You shoot a sling bullet. The sling bullet hits the jackal.
The jackal is moderately wounded.
The jackal barely misses you. The jackal bites you.
The jackal closely misses you. The jackal attacks as you move away!
The jackal misses you. The jackal attacks as you move away!
The jackal closely misses you. The jackal bites you.
The jackal bites you but does no damage.
The jackal attacks as you move away! The jackal bites you.
You shoot a sling bullet.
The sling bullet closely misses the jackal. x2
The jackal barely misses you.
The jackal bites you but does no damage.
You shoot a sling bullet. The sling bullet hits the jackal.
The jackal is heavily wounded.
The jackal bites you. The jackal barely misses you.
You shoot a sling bullet. The sling bullet hits the jackal.
You kill the jackal!
The jackal misses you.
You have reached level 2!
Your demonic ancestry asserts itself...
You feel your blood ready itself to protect you.
You shoot a sling bullet.
The sling bullet barely misses the jackal.
The jackal barely misses you. x2
You shoot a sling bullet.
The sling bullet barely misses the jackal.
The jackal closely misses you. The jackal barely misses you.
You shoot a sling bullet.
The sling bullet hits the jackal but does no damage.
The jackal misses you. The jackal bites you.
Your blood congeals into armour.
You shoot a sling bullet. The sling bullet hits the jackal.
You kill the jackal!
Your blood armour dries and flakes away.
You see here a jackal corpse.
You see here a jackal corpse.
You see here a hobgoblin corpse.
There is a staircase leading out of the dungeon here.
Are you sure you want to leave the Dungeon?
This will make you lose the game!
You have escaped!

###########
###P#P#P#P#P###
#.........†...#
#@..PP........#
#.............#
###P#P#P#P#P#.#
###########†#
##
#........###.
#............
##........##.#
........†.#..#
#........#.##


There were no monsters in sight!

Vanquished Creatures
  A hobgoblin (D:1)
  6 jackals (D:1)
7 creatures vanquished.

Notes
Turn   | Place    | Note
-------+----------+-------------------------------------------
     0 | D:1      | Alarkh the Demonspawn Hexslinger began the quest for the
                  | Orb.
     0 | D:1      | Reached XP level 1. HP: 15/15 MP: 2/2
   110 | D:1      | Gained mutation: When seriously injured, your blood forms
                  | armour. (AC +0) [demonic ancestry]
   110 | D:1      | Reached XP level 2. HP: 15/21 MP: 3/3
   138 | D:$      | Got out of the dungeon alive.

Illustrated notes

Levels and vault maps discovered:
D:1:      minmay_arrival_plants_in_alcoves, layout_rooms, serial_shops,
          nicolae_shop_trees

Skill      XL: |  1 |
---------------+----+-----
Ranged Weapons | 2 |  2.3
Fighting       | |  1.4
Dodging        | |  1.7
Spellcasting   | |  1.0
Hexes          | |  3.0

Action                     || total
---------------------------++-------
   Fire: Sling             ||    27
    Use: Scroll            ||     1
 Armour: Robe              ||     5
  Dodge: Dodged            ||    20
